[ PARTIDA AOE2 · #478373946 ]
UnrankedBirmanos vs Bohemians
Equipo del jugador · DERR
[ ANÁLISIS DE REPETICIÓN · EXTRAÍDO DE LA PARTIDA GRABADA ]
Feudal
10:45
Castillos
14:43
Imperial
31:12
| APM promedio | 30.7 |
| APM pico | 65 |
| eAPM promedio | 21.0 |
| Aldeanos / militares | 109 / 46 |
Foco
⚔️ 20.6% · 🌾 79.4%
Battle Elephant ×26 · Scorpion ×6 · Spearman ×6 · Mangonel ×3 · Petard ×2 · Trebuchet (Packed) ×2
Feudal
10:10
Castillos
13:44
Imperial
32:32
| APM promedio | 27.4 |
| APM pico | 57 |
| eAPM promedio | 17.6 |
| Aldeanos / militares | 154 / 63 |
Foco
⚔️ 30.7% · 🌾 69.3%
Genoese Crossbowman ×56 · Mangonel ×7 · Unknown (882) ×6
Feudal
10:32
Castillos
18:27
Imperial
31:42
| APM promedio | 33.1 |
| APM pico | 86 |
| eAPM promedio | 23.1 |
| Aldeanos / militares | 129 / 115 |
Foco
⚔️ 27.9% · 🌾 72.1%
Spearman ×106 · Bombard Cannon ×6 · Monk ×3
Feudal
12:04
Castillos
15:59
Imperial
—
| APM promedio | 44.4 |
| APM pico | 88 |
| eAPM promedio | 20.3 |
| Aldeanos / militares | 134 / 59 |
Foco
⚔️ 26.9% · 🌾 73.1%
War Wagon ×47 · Battering Ram ×12
Feudal
11:54
Castillos
16:14
Imperial
33:44
| APM promedio | 34.1 |
| APM pico | 111 |
| eAPM promedio | 25.6 |
| Aldeanos / militares | 111 / 17 |
Foco
⚔️ 21.5% · 🌾 78.5%
Unknown (1974) ×32 · Militia ×9 · Battering Ram ×7 · Unknown (1942) ×4 · Spearman ×1
Feudal
10:03
Castillos
17:02
Imperial
30:04
| APM promedio | 25.2 |
| APM pico | 72 |
| eAPM promedio | 17.9 |
| Aldeanos / militares | 163 / 96 |
Foco
⚔️ 25.5% · 🌾 74.5%
Knight ×88 · Monk ×4 · Trebuchet (Packed) ×4
Feudal
11:13
Castillos
14:30
Imperial
28:22
| APM promedio | 25.4 |
| APM pico | 66 |
| eAPM promedio | 19.5 |
| Aldeanos / militares | 111 / 11 |
Foco
⚔️ 22.6% · 🌾 77.4%
Mangonel ×10 · War Elephant ×1
Feudal
10:06
Castillos
13:51
Imperial
29:01
| APM promedio | 33.6 |
| APM pico | 77 |
| eAPM promedio | 13.3 |
| Aldeanos / militares | 80 / 34 |
Foco
⚔️ 24.0% · 🌾 76.0%
Mangudai ×31 · Petard ×2 · Trebuchet (Packed) ×1
Mapa de la partida
Recursos iniciales + cada clic de construcción. Líneas = muros · curvas = relieve. ◆ oro · ⬟ piedra · ● bayas · ✦ reliquia · ◌ hueco del cierre
Tu base· ✓ Cerrada en 14:43 · 0t muro · 2 puerta(s)
Base de Paradigma· ✓ Cerrada en 13:44 · 0t muro · 2 puerta(s)
Base de BP | Pkita· ✓ Cerrada en 18:27 · 0t muro · 3 puerta(s)
Base de Dakar1· ✓ Cerrada en 15:59 · 0t muro · 2 puerta(s)
Base de MDT· ✓ Cerrada en 16:14 · 0t muro · 2 puerta(s)
Base de TmZ_Mosquito Engraxate· ✓ Cerrada en 17:02 · 0t muro · 3 puerta(s)
Base de BP | HonorioCastleDown· ✓ Cerrada en 14:30 · 0t muro · 3 puerta(s)
Base de el adriano· ✓ Cerrada en 13:51 · 0t muro · 2 puerta(s)
Terreno inicial suavizado · ◌ = hueco del cierre detectado · pasá el cursor para detalles
Inputs por minuto
— ACN_Mk - - Paradigma
Build order — ACN_Mk
Primeras 150 de 307 acciones detectadas
| 0:01 | Crear | Villager (Male) |
| 0:03 | Construir | House |
| 0:03 | Crear | Villager (Male) |
| 0:04 | Crear | Villager (Male) |
| 0:05 | Construir | House |
| 0:11 | Crear | Villager (Male) |
| 0:11 | Crear | Villager (Male) |
| 1:30 | Crear | Villager (Male) |
| 1:37 | Construir | Lumber Camp |
| 2:04 | Crear | Villager (Male) |
| 2:04 | Crear | Villager (Male) |
| 2:33 | Crear | Villager (Male) |
| 2:33 | Crear | Villager (Male) |
| 2:55 | Crear | Villager (Male) |
| 3:11 | Crear | Villager (Male) |
| 3:12 | Crear | Villager (Male) |
| 3:55 | Crear | Villager (Male) |
| 3:55 | Crear | Villager (Male) |
| 3:55 | Crear | Villager (Male) |
| 3:59 | Construir | House |
| 4:00 | Construir | House |
| 4:26 | Crear | Villager (Male) |
| 4:34 | Construir | House |
| 5:00 | Crear | Villager (Male) |
| 5:00 | Crear | Villager (Male) |
| 5:32 | Construir | Mill |
| 5:42 | Crear | Villager (Male) |
| 5:42 | Crear | Villager (Male) |
| 5:43 | Crear | Villager (Male) |
| 5:43 | Crear | Villager (Male) |
| 6:10 | Crear | Villager (Male) |
| 6:40 | Construir | Lumber Camp |
| 6:55 | Crear | Villager (Male) |
| 7:07 | Construir | Mill |
| 7:31 | Crear | Villager (Male) |
| 7:35 | Crear | Villager (Male) |
| 7:52 | Construir | Mining Camp |
| 8:35 | Investigar | Feudal Age |
| 8:35 | Investigar | Feudal Age |
| 8:43 | Construir | Farm |
| 8:45 | Construir | Farm |
| 9:18 | Crear | Villager (Male) |
| 9:25 | Crear | Villager (Male) |
| 10:45 | Edad | Edad Feudal |
| 10:49 | Construir | Market |
| 10:51 | Construir | Blacksmith |
| 11:17 | Investigar | Loom |
| 11:53 | Construir | Barracks |
| 12:03 | Investigar | Castle Age |
| 12:03 | Investigar | Castle Age |
| 12:03 | Investigar | Castle Age |
| 12:23 | Construir | House |
| 12:29 | Crear | Villager (Male) |
| 12:53 | Crear | Spearman |
| 13:04 | Construir | Farm |
| 13:20 | Crear | Spearman |
| 13:45 | Crear | Villager (Male) |
| 13:54 | Construir | House |
| 14:00 | Investigar | Horse Collar |
| 14:06 | Construir | Farm |
| 14:13 | Crear | Spearman |
| 14:25 | Construir | House |
| 14:43 | Edad | Edad de los Castillos |
| 14:53 | Construir | Siege Workshop |
| 15:01 | Construir | University |
| 15:09 | Crear | Villager (Male) |
| 15:16 | Construir | House |
| 15:32 | Crear | Scorpion |
| 15:37 | Construir | House |
| 15:41 | Crear | Villager (Male) |
| 16:03 | Crear | Villager (Male) |
| 16:15 | Construir | House |
| 16:15 | Crear | Scorpion |
| 16:16 | Crear | Scorpion |
| 16:19 | Crear | Villager (Male) |
| 16:39 | Investigar | Town Watch |
| 16:44 | Construir | House |
| 16:51 | Crear | Villager (Male) |
| 17:15 | Crear | Villager (Male) |
| 17:22 | Construir | House |
| 17:30 | Construir | Farm |
| 17:31 | Construir | Farm |
| 17:34 | Investigar | Ballistics |
| 17:34 | Investigar | Ballistics |
| 17:42 | Crear | Villager (Male) |
| 17:53 | Construir | House |
| 17:56 | Crear | Villager (Male) |
| 18:13 | Construir | Town Center |
| 18:15 | Crear | Villager (Male) |
| 18:25 | Crear | Scorpion |
| 18:33 | Construir | House |
| 18:40 | Crear | Villager (Male) |
| 18:48 | Crear | Villager (Male) |
| 19:05 | Crear | Spearman |
| 19:09 | Construir | House |
| 19:15 | Investigar | Wheelbarrow |
| 19:26 | Crear | Spearman |
| 19:42 | Crear | Villager (Male) |
| 19:43 | Crear | Villager (Male) |
| 19:47 | Construir | Farm |
| 19:52 | Construir | Farm |
| 19:52 | Construir | Farm |
| 19:53 | Construir | Farm |
| 20:01 | Construir | House |
| 20:03 | Investigar | Heavy Plow |
| 20:05 | Crear | Villager (Male) |
| 20:27 | Crear | Mangonel |
| 20:38 | Construir | House |
| 20:44 | Crear | Villager (Male) |
| 20:51 | Construir | Farm |
| 20:51 | Construir | Farm |
| 20:52 | Construir | Farm |
| 20:55 | Crear | Villager (Male) |
| 21:06 | Crear | Villager (Male) |
| 21:07 | Crear | Villager (Male) |
| 21:22 | Crear | Villager (Male) |
| 21:23 | Crear | Villager (Male) |
| 21:26 | Construir | Farm |
| 21:27 | Construir | Farm |
| 21:28 | Construir | Farm |
| 21:48 | Crear | Mangonel |
| 21:57 | Crear | Villager (Male) |
| 22:01 | Crear | Villager (Male) |
| 22:10 | Construir | Mill |
| 22:10 | Construir | Farm |
| 22:11 | Construir | Farm |
| 22:11 | Construir | Farm |
| 22:12 | Construir | Farm |
| 22:12 | Construir | Farm |
| 22:17 | Crear | Villager (Male) |
| 22:18 | Crear | Villager (Male) |
| 22:24 | Construir | House |
| 22:29 | Construir | Outpost |
| 22:30 | Construir | Outpost |
| 22:32 | Construir | Outpost |
| 22:45 | Crear | Scorpion |
| 22:49 | Crear | Villager (Male) |
| 23:06 | Crear | Villager (Male) |
| 23:13 | Construir | Outpost |
| 23:21 | Crear | Villager (Male) |
| 23:21 | Crear | Villager (Male) |
| 23:28 | Crear | Villager (Male) |
| 23:29 | Crear | Villager (Male) |
| 23:32 | Construir | Farm |
| 23:33 | Construir | Farm |
| 23:34 | Construir | Farm |
| 23:58 | Crear | Villager (Male) |
| 24:05 | Construir | Outpost |
| 24:08 | Crear | Villager (Male) |
| 24:09 | Crear | Villager (Male) |
Build order — Paradigma
Primeras 150 de 343 acciones detectadas
| 0:02 | Crear | Villager (Male) ×4 |
| 0:05 | Construir | House |
| 0:07 | Construir | House |
| 1:39 | Crear | Villager (Male) |
| 1:49 | Construir | Lumber Camp |
| 2:09 | Crear | Villager (Male) |
| 2:30 | Crear | Villager (Male) |
| 2:51 | Crear | Villager (Male) |
| 3:18 | Crear | Villager (Male) |
| 3:29 | Construir | House |
| 3:43 | Crear | Villager (Male) |
| 4:08 | Crear | Villager (Male) |
| 4:10 | Crear | Villager (Male) |
| 4:16 | Construir | House |
| 4:39 | Construir | House |
| 4:44 | Crear | Villager (Male) |
| 5:30 | Crear | Villager (Male) |
| 5:32 | Construir | Mill |
| 5:35 | Crear | Villager (Male) |
| 5:36 | Crear | Villager (Male) |
| 6:08 | Crear | Villager (Male) |
| 6:08 | Crear | Villager (Male) |
| 6:08 | Crear | Villager (Male) |
| 7:35 | Construir | Mill |
| 7:58 | Investigar | Feudal Age |
| 9:32 | Crear | Villager (Male) |
| 9:32 | Crear | Villager (Male) |
| 10:10 | Edad | Edad Feudal |
| 10:14 | Construir | Market |
| 10:18 | Construir | Blacksmith |
| 11:04 | Investigar | Castle Age |
| 11:38 | Investigar | Double-Bit Axe |
| 12:54 | Crear | Villager (Male) |
| 12:54 | Crear | Villager (Male) |
| 13:35 | Crear | Villager (Male) |
| 13:44 | Edad | Edad de los Castillos |
| 13:46 | Construir | Town Center |
| 13:57 | Crear | Villager (Male) |
| 13:57 | Crear | Villager (Male) |
| 14:01 | Construir | Town Center |
| 14:06 | Investigar | Horse Collar |
| 14:19 | Construir | House |
| 14:37 | Construir | Farm |
| 14:39 | Construir | Farm |
| 14:41 | Crear | Villager (Male) |
| 14:41 | Crear | Villager (Male) |
| 14:44 | Construir | House |
| 15:00 | Construir | Farm |
| 15:04 | Construir | Farm |
| 15:08 | Crear | Villager (Male) |
| 15:08 | Crear | Villager (Male) |
| 15:09 | Crear | Villager (Male) |
| 15:10 | Crear | Villager (Male) |
| 15:17 | Construir | Farm |
| 15:25 | Construir | Farm |
| 15:28 | Construir | Farm |
| 15:33 | Construir | Outpost |
| 15:41 | Crear | Villager (Male) |
| 15:44 | Construir | Farm |
| 15:47 | Construir | Farm |
| 16:00 | Construir | Farm |
| 16:08 | Crear | Villager (Male) |
| 16:15 | Construir | House |
| 16:28 | Construir | Outpost |
| 16:32 | Crear | Villager (Male) |
| 16:34 | Construir | Farm |
| 16:36 | Construir | Farm |
| 16:41 | Construir | Farm |
| 16:45 | Construir | Farm |
| 16:48 | Construir | Farm |
| 16:57 | Construir | Palisade Wall |
| 17:00 | Construir | Palisade Wall |
| 17:01 | Construir | Palisade Wall |
| 17:17 | Crear | Villager (Male) |
| 17:17 | Crear | Villager (Male) |
| 17:17 | Crear | Villager (Male) |
| 17:34 | Crear | Villager (Male) |
| 17:34 | Crear | Villager (Male) |
| 17:51 | Construir | Palisade Wall |
| 17:53 | Construir | Palisade Wall |
| 17:54 | Construir | Palisade Wall |
| 18:15 | Crear | Villager (Male) |
| 18:16 | Crear | Villager (Male) |
| 18:25 | Investigar | Town Watch |
| 18:26 | Investigar | Loom |
| 18:31 | Crear | Villager (Male) |
| 18:31 | Crear | Villager (Male) |
| 18:35 | Construir | Farm |
| 18:36 | Construir | Farm |
| 18:37 | Construir | Farm |
| 18:37 | Construir | Farm |
| 18:53 | Crear | Villager (Male) |
| 18:53 | Crear | Villager (Male) |
| 18:59 | Construir | House |
| 19:00 | Construir | House |
| 19:00 | Construir | House |
| 19:01 | Construir | House |
| 19:05 | Crear | Villager (Male) |
| 19:08 | Construir | Farm |
| 19:11 | Construir | Farm |
| 19:12 | Construir | Farm |
| 19:14 | Construir | Farm |
| 19:16 | Construir | Farm |
| 19:18 | Construir | Farm |
| 19:20 | Construir | Farm |
| 19:25 | Construir | Lumber Camp |
| 19:28 | Crear | Villager (Male) |
| 19:31 | Crear | Villager (Male) |
| 19:31 | Crear | Villager (Male) |
| 19:33 | Crear | Villager (Male) |
| 19:47 | Crear | Villager (Male) |
| 19:55 | Construir | Town Center |
| 20:00 | Crear | Villager (Male) |
| 20:00 | Crear | Villager (Male) |
| 20:06 | Construir | Mining Camp |
| 20:10 | Construir | House |
| 20:11 | Construir | House |
| 20:19 | Construir | Farm |
| 20:21 | Investigar | Wheelbarrow |
| 20:25 | Crear | Villager (Male) |
| 20:35 | Crear | Villager (Male) |
| 20:49 | Crear | Villager (Male) |
| 20:49 | Crear | Villager (Male) |
| 20:50 | Crear | Villager (Male) |
| 20:56 | Construir | Farm |
| 21:00 | Construir | Farm |
| 21:04 | Crear | Villager (Male) |
| 21:04 | Crear | Villager (Male) |
| 21:21 | Investigar | Bow Saw |
| 21:24 | Crear | Villager (Male) |
| 21:36 | Construir | House |
| 21:37 | Construir | House |
| 21:39 | Crear | Villager (Male) |
| 21:39 | Crear | Villager (Male) |
| 21:41 | Crear | Villager (Male) |
| 21:54 | Crear | Villager (Male) |
| 21:56 | Crear | Villager (Male) |
| 22:02 | Construir | Farm |
| 22:03 | Construir | Farm |
| 22:06 | Construir | Farm |
| 22:10 | Crear | Villager (Male) |
| 22:10 | Crear | Villager (Male) |
| 22:11 | Crear | Villager (Male) |
| 22:15 | Construir | House |
| 22:16 | Construir | House |
| 22:17 | Construir | House |
| 22:23 | Crear | Villager (Male) |
| 22:31 | Construir | House |
| 22:32 | Construir | House |
| 22:33 | Construir | House |
Build order — BP | Pkita
Primeras 150 de 346 acciones detectadas
| 0:01 | Crear | Villager (Male) |
| 0:02 | Crear | Villager (Male) |
| 0:02 | Crear | Villager (Male) |
| 0:03 | Construir | House |
| 0:04 | Construir | House |
| 0:11 | Crear | Villager (Male) |
| 1:13 | Crear | Villager (Male) |
| 1:54 | Crear | Villager (Male) |
| 2:23 | Crear | Villager (Male) |
| 2:34 | Construir | House |
| 2:35 | Construir | House |
| 2:39 | Crear | Villager (Male) |
| 2:40 | Crear | Villager (Male) |
| 2:54 | Crear | Villager (Male) |
| 3:10 | Construir | House |
| 3:25 | Crear | Villager (Male) |
| 3:52 | Crear | Villager (Male) |
| 3:53 | Crear | Villager (Male) |
| 4:13 | Crear | Villager (Male) |
| 4:18 | Construir | Mill |
| 4:27 | Crear | Villager (Male) |
| 4:51 | Crear | Villager (Male) |
| 4:51 | Crear | Villager (Male) |
| 5:22 | Crear | Villager (Male) |
| 6:14 | Crear | Villager (Male) |
| 6:34 | Crear | Villager (Male) |
| 6:34 | Crear | Villager (Male) |
| 6:42 | Construir | Lumber Camp |
| 6:45 | Crear | Villager (Male) |
| 7:00 | Investigar | Loom |
| 7:10 | Construir | Mining Camp |
| 8:14 | Investigar | Feudal Age |
| 9:03 | Crear | Villager (Male) |
| 9:03 | Crear | Villager (Male) |
| 9:26 | Construir | House |
| 9:57 | Crear | Villager (Male) |
| 10:32 | Edad | Edad Feudal |
| 10:33 | Construir | Market |
| 10:37 | Construir | Blacksmith |
| 10:55 | Construir | Farm |
| 10:56 | Construir | Farm |
| 11:09 | Construir | Farm |
| 11:19 | Construir | House |
| 11:24 | Construir | House |
| 11:28 | Construir | House |
| 11:31 | Investigar | Double-Bit Axe |
| 11:36 | Crear | Villager (Male) |
| 11:49 | Investigar | Horse Collar |
| 11:51 | Crear | Villager (Male) |
| 12:19 | Construir | Mining Camp |
| 12:29 | Crear | Villager (Male) |
| 12:29 | Crear | Villager (Male) |
| 12:43 | Construir | Farm |
| 12:58 | Crear | Villager (Male) |
| 13:37 | Crear | Villager (Male) |
| 13:37 | Crear | Villager (Male) |
| 14:19 | Construir | Farm |
| 14:21 | Construir | Farm |
| 14:33 | Crear | Villager (Male) |
| 14:41 | Construir | Farm |
| 14:43 | Construir | Farm |
| 14:58 | Crear | Villager (Male) |
| 15:13 | Construir | Farm |
| 15:42 | Construir | Farm |
| 15:47 | Investigar | Castle Age |
| 15:52 | Construir | House |
| 15:52 | Construir | House |
| 16:03 | Construir | Farm |
| 16:44 | Construir | House |
| 17:07 | Crear | Villager (Male) |
| 17:07 | Crear | Villager (Male) |
| 18:11 | Investigar | Forging |
| 18:27 | Edad | Edad de los Castillos |
| 18:29 | Construir | Barracks |
| 18:39 | Crear | Villager (Male) |
| 18:48 | Construir | Monastery |
| 19:08 | Construir | Farm |
| 19:10 | Construir | Farm |
| 19:11 | Construir | Farm |
| 19:14 | Construir | Town Center |
| 19:15 | Crear | Villager (Male) |
| 19:16 | Crear | Villager (Male) |
| 19:17 | Crear | Monk |
| 19:23 | Construir | House |
| 19:24 | Construir | House |
| 19:34 | Crear | Villager (Male) |
| 19:42 | Construir | Town Center |
| 19:47 | Crear | Villager (Male) |
| 19:54 | Crear | Villager (Male) |
| 20:07 | Crear | Spearman |
| 20:14 | Construir | House |
| 20:18 | Construir | House |
| 20:19 | Construir | Stone Wall |
| 20:21 | Crear | Villager (Male) |
| 20:22 | Investigar | Wheelbarrow |
| 20:29 | Crear | Villager (Male) |
| 20:29 | Crear | Villager (Male) |
| 20:32 | Construir | House |
| 20:33 | Construir | House |
| 20:46 | Crear | Villager (Male) |
| 20:49 | Crear | Villager (Male) |
| 20:51 | Crear | Villager (Male) |
| 20:51 | Crear | Villager (Male) |
| 21:04 | Crear | Villager (Male) |
| 21:04 | Crear | Villager (Male) |
| 21:07 | Construir | Farm |
| 21:12 | Construir | House |
| 21:13 | Construir | House |
| 21:38 | Crear | Villager (Male) |
| 21:41 | Construir | Farm |
| 21:44 | Construir | Farm |
| 21:49 | Construir | House |
| 21:52 | Construir | Lumber Camp |
| 21:55 | Investigar | Bow Saw |
| 21:56 | Crear | Villager (Male) |
| 21:56 | Crear | Villager (Male) |
| 21:57 | Crear | Villager (Male) |
| 22:16 | Crear | Villager (Male) |
| 22:16 | Crear | Villager (Male) |
| 22:16 | Crear | Villager (Male) |
| 22:16 | Crear | Villager (Male) |
| 22:34 | Investigar | Town Watch |
| 22:35 | Crear | Villager (Male) |
| 22:41 | Crear | Spearman |
| 22:47 | Construir | Farm |
| 22:49 | Construir | Farm |
| 22:51 | Construir | Farm |
| 22:54 | Construir | Farm |
| 22:57 | Construir | Farm |
| 23:01 | Crear | Monk |
| 23:04 | Investigar | Fervor |
| 23:05 | Crear | Monk |
| 23:14 | Crear | Villager (Male) |
| 23:20 | Crear | Villager (Male) |
| 23:23 | Crear | Villager (Male) |
| 23:26 | Construir | Farm |
| 23:44 | Crear | Villager (Male) |
| 23:56 | Crear | Villager (Male) |
| 23:56 | Crear | Villager (Male) |
| 24:14 | Construir | Town Center |
| 24:17 | Crear | Villager (Male) |
| 24:17 | Crear | Villager (Male) |
| 24:18 | Crear | Villager (Male) |
| 24:27 | Crear | Villager (Male) |
| 24:27 | Crear | Villager (Male) |
| 24:28 | Crear | Villager (Male) |
| 24:34 | Construir | Farm |
| 24:43 | Construir | Farm |
| 24:45 | Construir | Farm |
| 24:47 | Construir | Farm |
Build order — Dakar1
Primeras 150 de 280 acciones detectadas
| 0:00 | Crear | Villager (Male) |
| 0:00 | Crear | Villager (Male) |
| 0:01 | Crear | Villager (Male) |
| 0:02 | Construir | House |
| 0:03 | Construir | House |
| 0:09 | Crear | Villager (Male) |
| 0:09 | Crear | Villager (Male) |
| 1:24 | Crear | Villager (Male) |
| 1:25 | Crear | Villager (Male) |
| 1:43 | Construir | Lumber Camp |
| 1:51 | Crear | Villager (Male) |
| 1:51 | Crear | Villager (Male) |
| 2:13 | Crear | Villager (Male) |
| 2:14 | Crear | Villager (Male) |
| 2:43 | Crear | Villager (Male) |
| 2:43 | Crear | Villager (Male) |
| 3:00 | Crear | Villager (Male) |
| 3:00 | Crear | Villager (Male) |
| 3:27 | Crear | Villager (Male) |
| 3:27 | Crear | Villager (Male) |
| 3:49 | Construir | House |
| 3:51 | Construir | Mill |
| 3:58 | Crear | Villager (Male) |
| 3:58 | Crear | Villager (Male) |
| 4:30 | Construir | House |
| 4:54 | Crear | Villager (Male) |
| 4:54 | Crear | Villager (Male) |
| 5:01 | Crear | Villager (Male) |
| 5:01 | Crear | Villager (Male) |
| 5:59 | Crear | Villager (Male) |
| 5:59 | Crear | Villager (Male) |
| 6:39 | Construir | Mining Camp |
| 6:41 | Crear | Villager (Male) |
| 6:41 | Crear | Villager (Male) |
| 6:43 | Crear | Villager (Male) |
| 6:43 | Crear | Villager (Male) |
| 7:09 | Crear | Villager (Male) |
| 7:09 | Crear | Villager (Male) |
| 7:30 | Construir | Lumber Camp |
| 7:45 | Crear | Villager (Male) |
| 7:53 | Construir | House |
| 8:13 | Crear | Villager (Male) |
| 8:13 | Crear | Villager (Male) |
| 8:56 | Construir | Mill |
| 9:35 | Investigar | Feudal Age |
| 9:53 | Construir | Farm |
| 9:54 | Construir | Farm |
| 9:55 | Construir | Farm |
| 10:03 | Construir | Mining Camp |
| 10:06 | Crear | Villager (Male) |
| 10:06 | Crear | Villager (Male) |
| 11:56 | Investigar | Loom |
| 12:04 | Edad | Edad Feudal |
| 12:08 | Construir | Market |
| 12:10 | Investigar | Gold Mining |
| 12:12 | Construir | Blacksmith |
| 12:57 | Construir | Farm |
| 13:16 | Investigar | Castle Age |
| 13:22 | Construir | House |
| 14:09 | Investigar | Double-Bit Axe |
| 14:34 | Crear | Villager (Male) |
| 14:34 | Crear | Villager (Male) |
| 15:46 | Crear | Villager (Male) |
| 15:59 | Edad | Edad de los Castillos |
| 16:27 | Crear | Villager (Male) |
| 16:51 | Construir | Castle |
| 16:54 | Construir | Mining Camp |
| 16:56 | Crear | Villager (Male) |
| 17:00 | Construir | House |
| 17:03 | Investigar | Fletching |
| 17:12 | Crear | Villager (Male) |
| 17:15 | Construir | Farm |
| 17:18 | Construir | Farm |
| 17:20 | Construir | Farm |
| 17:26 | Construir | Farm |
| 17:44 | Construir | House |
| 17:47 | Construir | House |
| 17:56 | Crear | Villager (Male) |
| 17:57 | Crear | Villager (Male) |
| 18:11 | Construir | Siege Workshop |
| 18:26 | Investigar | Bodkin Arrow |
| 18:47 | Crear | Villager (Male) |
| 18:50 | Construir | Farm |
| 18:52 | Crear | War Wagon |
| 19:01 | Crear | War Wagon |
| 19:02 | Crear | Villager (Male) |
| 19:03 | Crear | Villager (Male) |
| 19:05 | Construir | Farm |
| 19:13 | Crear | War Wagon |
| 19:19 | Crear | War Wagon |
| 19:30 | Crear | Villager (Male) |
| 19:49 | Crear | Battering Ram |
| 20:08 | Crear | Battering Ram |
| 20:08 | Crear | Battering Ram |
| 20:18 | Crear | Villager (Male) |
| 20:18 | Crear | Villager (Male) |
| 20:18 | Crear | Villager (Male) |
| 20:18 | Crear | Villager (Male) |
| 20:31 | Crear | War Wagon |
| 20:31 | Crear | War Wagon |
| 20:52 | Crear | War Wagon |
| 20:53 | Crear | War Wagon |
| 21:18 | Crear | War Wagon |
| 21:18 | Crear | War Wagon |
| 21:38 | Crear | Villager (Male) |
| 21:40 | Crear | War Wagon |
| 22:06 | Crear | Battering Ram |
| 22:37 | Construir | Castle |
| 22:46 | Crear | Battering Ram |
| 22:47 | Crear | Villager (Male) |
| 22:48 | Crear | Villager (Male) |
| 22:48 | Crear | Villager (Male) |
| 22:48 | Crear | Villager (Male) |
| 23:06 | Crear | War Wagon |
| 23:06 | Crear | War Wagon |
| 23:33 | Crear | Villager (Male) |
| 23:33 | Crear | Villager (Male) |
| 23:44 | Crear | War Wagon |
| 23:45 | Crear | War Wagon |
| 23:45 | Crear | War Wagon |
| 24:19 | Crear | War Wagon |
| 24:19 | Crear | War Wagon |
| 24:25 | Construir | House |
| 25:11 | Crear | Villager (Male) |
| 25:11 | Crear | Villager (Male) |
| 25:11 | Crear | Villager (Male) |
| 25:11 | Crear | Battering Ram |
| 25:12 | Crear | Battering Ram |
| 25:16 | Crear | Villager (Male) |
| 25:22 | Construir | Town Center |
| 25:30 | Crear | War Wagon |
| 25:30 | Crear | War Wagon |
| 25:44 | Construir | House |
| 25:45 | Construir | House |
| 25:50 | Crear | Villager (Male) |
| 26:01 | Crear | Villager (Male) |
| 26:01 | Crear | Villager (Male) |
| 26:01 | Crear | Villager (Male) |
| 26:02 | Crear | War Wagon |
| 26:02 | Crear | War Wagon |
| 26:05 | Crear | Villager (Male) |
| 26:05 | Crear | Villager (Male) |
| 26:20 | Crear | Villager (Male) |
| 26:46 | Crear | War Wagon |
| 26:46 | Crear | War Wagon |
| 26:48 | Crear | Villager (Male) |
| 26:48 | Crear | Villager (Male) |
| 26:48 | Crear | Villager (Male) |
| 26:49 | Crear | Villager (Male) |
| 26:49 | Crear | Villager (Male) |
Build order — MDT
Primeras 150 de 267 acciones detectadas
| 0:03 | Crear | Villager (Male) |
| 0:03 | Crear | Villager (Male) |
| 0:05 | Construir | House |
| 0:07 | Construir | House |
| 0:07 | Crear | Villager (Male) |
| 0:07 | Crear | Villager (Male) |
| 0:08 | Crear | Villager (Male) |
| 1:25 | Crear | Villager (Male) |
| 1:26 | Crear | Villager (Male) |
| 1:26 | Crear | Villager (Male) |
| 1:56 | Construir | Lumber Camp |
| 2:02 | Crear | Villager (Male) |
| 2:02 | Crear | Villager (Male) |
| 2:02 | Crear | Villager (Male) |
| 2:15 | Crear | Villager (Male) |
| 3:04 | Crear | Villager (Male) |
| 3:04 | Crear | Villager (Male) |
| 3:17 | Crear | Villager (Male) |
| 3:17 | Crear | Villager (Male) |
| 3:33 | Construir | House |
| 3:34 | Construir | House |
| 3:41 | Crear | Villager (Male) |
| 3:41 | Crear | Villager (Male) |
| 3:42 | Crear | Villager (Male) |
| 4:02 | Crear | Villager (Male) |
| 4:03 | Crear | Villager (Male) |
| 4:57 | Crear | Villager (Male) |
| 4:57 | Crear | Villager (Male) |
| 4:58 | Crear | Villager (Male) |
| 4:58 | Crear | Villager (Male) |
| 4:58 | Crear | Villager (Male) |
| 5:26 | Crear | Villager (Male) |
| 5:26 | Crear | Villager (Male) |
| 6:30 | Construir | Mill |
| 6:36 | Construir | Mill |
| 7:00 | Crear | Villager (Male) |
| 7:10 | Construir | Mining Camp |
| 7:25 | Construir | House |
| 7:28 | Crear | Villager (Male) |
| 7:28 | Crear | Villager (Male) |
| 7:57 | Construir | House |
| 8:02 | Crear | Villager (Male) |
| 8:37 | Crear | Villager (Male) |
| 8:40 | Investigar | Loom |
| 9:13 | Investigar | Feudal Age |
| 10:20 | Crear | Villager (Male) |
| 10:20 | Crear | Villager (Male) |
| 10:20 | Crear | Villager (Male) |
| 10:21 | Crear | Villager (Male) |
| 10:58 | Construir | Farm |
| 11:01 | Construir | Farm |
| 11:02 | Construir | Farm |
| 11:03 | Construir | Farm |
| 11:12 | Construir | Farm |
| 11:18 | Construir | Farm |
| 11:54 | Edad | Edad Feudal |
| 11:58 | Construir | Market |
| 12:52 | Construir | Blacksmith |
| 13:31 | Investigar | Castle Age |
| 13:41 | Investigar | Double-Bit Axe |
| 13:46 | Investigar | Horse Collar |
| 14:21 | Construir | Barracks |
| 14:36 | Construir | House |
| 14:39 | Construir | House |
| 14:41 | Construir | House |
| 15:51 | Construir | Barracks |
| 15:56 | Investigar | Man-at-Arms (upgrade) |
| 16:02 | Investigar | Scale Mail Armor |
| 16:03 | Investigar | Forging |
| 16:14 | Edad | Edad de los Castillos |
| 16:20 | Construir | Siege Workshop |
| 16:24 | Crear | Villager (Male) |
| 16:25 | Crear | Villager (Male) |
| 16:52 | Crear | Spearman |
| 17:08 | Crear | Battering Ram |
| 17:42 | Crear | Unit 1974 |
| 17:42 | Crear | Unit 1974 |
| 17:42 | Crear | Unit 1974 |
| 17:42 | Crear | Unit 1974 |
| 17:44 | Crear | Battering Ram |
| 17:47 | Crear | Villager (Male) |
| 17:51 | Construir | Farm |
| 17:52 | Construir | Farm |
| 17:57 | Construir | Farm |
| 18:12 | Crear | Villager (Male) |
| 18:16 | Crear | Unit 1974 |
| 18:16 | Crear | Unit 1974 |
| 18:16 | Crear | Unit 1974 |
| 18:16 | Crear | Unit 1974 |
| 18:16 | Crear | Unit 1974 |
| 18:23 | Construir | Farm |
| 18:40 | Crear | Villager (Male) |
| 18:48 | Construir | Farm |
| 18:50 | Construir | Farm |
| 18:53 | Crear | Villager (Male) |
| 19:06 | Crear | Unit 1974 |
| 19:06 | Crear | Unit 1974 |
| 19:06 | Crear | Unit 1974 |
| 19:21 | Construir | House |
| 19:23 | Construir | House |
| 19:23 | Construir | House |
| 19:38 | Construir | Farm |
| 19:40 | Construir | Farm |
| 19:45 | Investigar | Town Watch |
| 20:11 | Construir | Farm |
| 20:12 | Construir | Farm |
| 20:15 | Crear | Villager (Male) |
| 20:19 | Investigar | Long Swordsman (upgrade) |
| 20:42 | Crear | Villager (Male) |
| 20:46 | Crear | Villager (Male) |
| 21:19 | Construir | Town Center |
| 21:28 | Crear | Unit 1974 |
| 21:29 | Crear | Unit 1974 |
| 21:29 | Crear | Unit 1974 |
| 21:45 | Crear | Villager (Male) |
| 21:46 | Crear | Villager (Male) |
| 21:56 | Construir | House |
| 21:57 | Construir | House |
| 22:01 | Crear | Villager (Male) |
| 22:21 | Investigar | Chain Mail Armor |
| 22:24 | Construir | Farm |
| 22:30 | Crear | Villager (Male) |
| 22:31 | Crear | Villager (Male) |
| 23:12 | Crear | Villager (Male) |
| 23:13 | Crear | Villager (Male) |
| 23:13 | Crear | Villager (Male) |
| 23:16 | Construir | Farm |
| 23:41 | Crear | Villager (Male) |
| 23:41 | Crear | Villager (Male) |
| 23:47 | Construir | Town Center |
| 24:00 | Crear | Villager (Male) |
| 24:00 | Crear | Villager (Male) |
| 24:08 | Construir | Farm |
| 24:10 | Construir | Farm |
| 24:11 | Crear | Villager (Male) |
| 24:12 | Crear | Villager (Male) |
| 24:12 | Crear | Villager (Male) |
| 24:20 | Construir | Farm |
| 24:21 | Crear | Villager (Male) |
| 24:21 | Crear | Villager (Male) |
| 24:42 | Crear | Villager (Male) |
| 24:42 | Crear | Villager (Male) |
| 24:48 | Crear | Villager (Male) |
| 24:49 | Crear | Villager (Male) |
| 25:04 | Construir | Mining Camp |
| 25:12 | Crear | Villager (Male) |
| 25:12 | Crear | Villager (Male) |
| 25:12 | Crear | Villager (Male) |
| 25:28 | Crear | Villager (Male) |
| 25:28 | Crear | Villager (Male) |
Build order — TmZ_Mosquito Engraxate
Primeras 150 de 244 acciones detectadas
| 0:01 | Crear | Villager (Male) ×5 |
| 0:04 | Construir | House |
| 0:05 | Construir | House |
| 1:35 | Crear | Villager (Male) |
| 1:48 | Construir | Lumber Camp |
| 2:11 | Crear | Villager (Male) |
| 2:33 | Crear | Villager (Male) ×2 |
| 2:53 | Construir | House |
| 2:54 | Construir | House |
| 2:55 | Construir | House |
| 3:28 | Crear | Villager (Male) ×2 |
| 4:25 | Crear | Villager (Male) ×3 |
| 4:30 | Construir | Mill |
| 4:33 | Construir | House |
| 4:50 | Crear | Villager (Male) |
| 5:51 | Crear | Villager (Male) ×5 |
| 5:58 | Construir | Mining Camp |
| 7:32 | Crear | Villager (Male) ×5 |
| 7:55 | Investigar | Feudal Age |
| 9:23 | Construir | Mill |
| 9:50 | Crear | Villager (Male) ×5 |
| 10:03 | Edad | Edad Feudal |
| 10:05 | Investigar | Horse Collar |
| 10:07 | Investigar | Double-Bit Axe |
| 10:20 | Construir | Blacksmith |
| 10:27 | Construir | Market |
| 10:53 | Construir | Farm |
| 10:53 | Construir | Farm |
| 11:05 | Construir | Farm |
| 11:18 | Construir | Farm |
| 11:34 | Construir | Farm |
| 11:45 | Crear | Villager (Male) ×5 |
| 11:49 | Construir | House |
| 11:51 | Construir | House |
| 11:52 | Construir | House |
| 12:04 | Construir | Farm |
| 12:24 | Construir | Farm |
| 12:35 | Construir | Farm |
| 13:00 | Construir | Farm |
| 13:09 | Construir | Farm |
| 13:25 | Crear | Villager (Male) ×5 |
| 13:28 | Construir | Farm |
| 13:41 | Construir | Farm |
| 13:53 | Construir | Farm |
| 14:02 | Construir | Farm |
| 14:08 | Crear | Villager (Male) ×5 |
| 14:12 | Construir | Farm |
| 14:35 | Investigar | Castle Age |
| 14:49 | Construir | House |
| 14:49 | Construir | House |
| 14:51 | Construir | House |
| 14:52 | Construir | House |
| 15:12 | Construir | Farm |
| 15:12 | Construir | Farm |
| 16:19 | Crear | Villager (Male) ×5 |
| 16:24 | Construir | Farm |
| 16:25 | Construir | Farm |
| 17:02 | Edad | Edad de los Castillos |
| 17:06 | Construir | Town Center |
| 17:15 | Construir | Town Center |
| 17:43 | Investigar | Bow Saw |
| 18:10 | Crear | Villager (Male) ×5 |
| 18:39 | Investigar | Heavy Plow |
| 18:40 | Crear | Villager (Male) ×5 |
| 19:22 | Crear | Villager (Male) ×5 |
| 19:32 | Construir | Town Center |
| 19:50 | Construir | House |
| 19:51 | Construir | House |
| 19:52 | Construir | House |
| 19:53 | Construir | House |
| 19:54 | Construir | House |
| 19:57 | Construir | House |
| 19:58 | Construir | House |
| 19:59 | Construir | House |
| 20:00 | Crear | Villager (Male) ×5 |
| 20:28 | Investigar | Wheelbarrow |
| 20:40 | Crear | Villager (Male) ×5 |
| 20:49 | Construir | Farm |
| 20:49 | Construir | Farm |
| 20:50 | Construir | Farm |
| 20:50 | Construir | Farm |
| 20:50 | Construir | Farm |
| 20:50 | Construir | Farm |
| 20:51 | Construir | Farm |
| 20:51 | Construir | Farm |
| 20:51 | Construir | Farm |
| 20:51 | Construir | Farm |
| 20:52 | Construir | Farm |
| 21:00 | Crear | Villager (Male) ×5 |
| 21:14 | Construir | Monastery |
| 21:19 | Crear | Villager (Male) ×5 |
| 21:31 | Construir | University |
| 21:33 | Construir | House |
| 21:34 | Construir | House |
| 21:43 | Construir | Lumber Camp |
| 21:48 | Crear | Villager (Male) ×5 |
| 22:05 | Construir | Farm |
| 22:05 | Construir | Farm |
| 22:05 | Construir | Farm |
| 22:06 | Construir | Farm |
| 22:07 | Construir | Farm |
| 22:08 | Construir | Farm |
| 22:09 | Crear | Villager (Male) ×5 |
| 22:15 | Construir | Farm |
| 22:16 | Construir | Farm |
| 22:17 | Construir | Farm |
| 22:21 | Construir | Farm |
| 22:22 | Construir | Farm |
| 22:23 | Crear | Villager (Male) ×5 |
| 22:29 | Construir | House |
| 22:30 | Construir | House |
| 22:37 | Construir | House |
| 22:38 | Construir | House |
| 22:40 | Construir | House |
| 22:41 | Construir | House |
| 22:41 | Construir | House |
| 22:42 | Construir | House |
| 22:43 | Construir | House |
| 22:45 | Crear | Villager (Male) ×4 |
| 23:12 | Construir | Barracks |
| 23:17 | Crear | Monk |
| 23:17 | Crear | Monk |
| 23:22 | Crear | Villager (Male) ×5 |
| 23:26 | Investigar | Gold Mining |
| 23:26 | Investigar | Stone Mining |
| 23:42 | Construir | Town Center |
| 23:47 | Construir | Mining Camp |
| 23:55 | Crear | Villager (Male) ×5 |
| 24:03 | Construir | Mining Camp |
| 24:19 | Crear | Villager (Male) ×5 |
| 24:37 | Construir | Stable |
| 24:39 | Construir | Stable |
| 24:40 | Construir | Stable |
| 24:43 | Crear | Villager (Male) ×5 |
| 24:50 | Crear | Monk |
| 25:03 | Crear | Villager (Male) ×5 |
| 25:08 | Construir | Farm |
| 25:08 | Construir | Farm |
| 25:08 | Construir | Farm |
| 25:08 | Construir | Farm |
| 25:09 | Construir | Farm |
| 25:09 | Construir | Farm |
| 25:09 | Construir | Farm |
| 25:09 | Construir | Farm |
| 25:10 | Construir | Farm |
| 25:10 | Construir | Farm |
| 25:10 | Construir | Farm |
| 25:10 | Construir | Farm |
| 25:11 | Construir | Farm |
| 25:11 | Construir | Farm |
Build order — BP | HonorioCastleDown
Primeras 150 de 193 acciones detectadas
| 0:01 | Crear | Villager (Male) ×5 |
| 0:02 | Construir | House |
| 0:03 | Construir | House |
| 1:20 | Crear | Villager (Male) |
| 1:42 | Construir | Lumber Camp |
| 1:47 | Crear | Villager (Male) |
| 1:59 | Crear | Villager (Male) |
| 2:40 | Crear | Villager (Male) |
| 2:40 | Crear | Villager (Male) |
| 3:05 | Crear | Villager (Male) |
| 3:37 | Crear | Villager (Male) ×2 |
| 3:37 | Crear | Villager (Male) ×2 |
| 3:39 | Construir | House |
| 3:39 | Construir | House |
| 4:42 | Crear | Villager (Male) ×4 |
| 4:58 | Construir | Mill |
| 5:07 | Crear | Villager (Male) |
| 5:16 | Crear | Villager (Male) |
| 5:18 | Construir | Mining Camp |
| 5:51 | Crear | Villager (Male) |
| 5:51 | Crear | Villager (Male) |
| 6:38 | Crear | Villager (Male) ×5 |
| 6:52 | Construir | Farm |
| 7:01 | Construir | House |
| 7:41 | Construir | Mill |
| 8:02 | Investigar | Loom |
| 8:23 | Investigar | Feudal Age |
| 8:35 | Construir | Mining Camp |
| 9:21 | Construir | Farm |
| 11:02 | Crear | Villager (Male) |
| 11:02 | Crear | Villager (Male) |
| 11:13 | Edad | Edad Feudal |
| 11:15 | Construir | Market |
| 11:32 | Construir | Blacksmith |
| 12:04 | Investigar | Castle Age |
| 12:05 | Investigar | Castle Age |
| 12:08 | Investigar | Double-Bit Axe |
| 12:39 | Investigar | Horse Collar |
| 14:30 | Edad | Edad de los Castillos |
| 14:34 | Construir | Town Center |
| 14:35 | Investigar | Bow Saw |
| 14:37 | Investigar | Heavy Plow |
| 14:43 | Crear | Villager (Male) |
| 14:57 | Construir | Town Center |
| 15:02 | Crear | Villager (Male) |
| 15:13 | Construir | Farm |
| 15:20 | Crear | Villager (Male) |
| 15:34 | Construir | Farm |
| 15:36 | Crear | Villager (Male) |
| 15:46 | Construir | Farm |
| 15:49 | Crear | Villager (Male) |
| 15:54 | Construir | Farm |
| 16:02 | Construir | Farm |
| 16:07 | Crear | Villager (Male) |
| 16:07 | Crear | Villager (Male) |
| 16:16 | Construir | Farm |
| 16:20 | Construir | Farm |
| 16:25 | Crear | Villager (Male) |
| 16:25 | Crear | Villager (Male) |
| 16:32 | Construir | Farm |
| 16:41 | Construir | Farm |
| 16:49 | Construir | Outpost |
| 16:50 | Crear | Villager (Male) |
| 16:50 | Crear | Villager (Male) |
| 16:55 | Construir | Farm |
| 17:02 | Construir | Farm |
| 17:09 | Crear | Villager (Male) |
| 17:10 | Crear | Villager (Male) |
| 17:13 | Construir | Farm |
| 17:19 | Construir | Farm |
| 17:27 | Crear | Villager (Male) |
| 17:27 | Crear | Villager (Male) |
| 17:42 | Crear | Villager (Male) |
| 17:42 | Crear | Villager (Male) |
| 17:52 | Construir | Farm |
| 17:54 | Construir | House |
| 17:55 | Construir | House |
| 17:56 | Crear | Villager (Male) |
| 17:56 | Crear | Villager (Male) |
| 17:59 | Construir | House |
| 18:02 | Construir | Stone Wall |
| 18:03 | Crear | Villager (Male) |
| 18:03 | Crear | Villager (Male) |
| 18:16 | Construir | Siege Workshop |
| 18:20 | Construir | House |
| 18:22 | Construir | Stone Wall |
| 18:23 | Crear | Villager (Male) ×2 |
| 18:23 | Crear | Villager (Male) ×2 |
| 18:27 | Construir | House |
| 18:30 | Construir | Stone Wall |
| 18:35 | Construir | House |
| 18:36 | Crear | Villager (Male) |
| 18:36 | Crear | Villager (Male) |
| 18:47 | Crear | Villager (Male) |
| 18:48 | Crear | Villager (Male) ×2 |
| 18:49 | Construir | Farm |
| 18:57 | Crear | Villager (Male) |
| 18:57 | Crear | Villager (Male) |
| 19:14 | Crear | Villager (Male) |
| 19:15 | Crear | Mangonel |
| 19:17 | Crear | Villager (Male) |
| 19:17 | Crear | Villager (Male) |
| 19:29 | Crear | Villager (Male) |
| 19:29 | Crear | Villager (Male) |
| 19:46 | Construir | Farm |
| 19:47 | Crear | Villager (Male) ×2 |
| 19:49 | Construir | Farm |
| 19:51 | Construir | Farm |
| 19:58 | Crear | Villager (Male) |
| 19:58 | Crear | Villager (Male) |
| 20:05 | Crear | Villager (Male) |
| 20:05 | Crear | Villager (Male) |
| 20:08 | Construir | Farm |
| 20:10 | Construir | Farm |
| 20:17 | Crear | Villager (Male) |
| 20:18 | Crear | Villager (Male) |
| 20:20 | Construir | Farm |
| 20:29 | Crear | Villager (Male) |
| 20:29 | Crear | Villager (Male) |
| 20:31 | Construir | Farm |
| 20:32 | Crear | Villager (Male) |
| 20:32 | Crear | Villager (Male) |
| 20:45 | Crear | Villager (Male) |
| 20:45 | Crear | Villager (Male) |
| 20:53 | Crear | Villager (Male) |
| 20:55 | Construir | Farm |
| 21:16 | Crear | Mangonel |
| 21:17 | Crear | Mangonel |
| 21:18 | Crear | Villager (Male) ×3 |
| 21:18 | Crear | Villager (Male) ×3 |
| 21:41 | Construir | Castle |
| 21:45 | Crear | Villager (Male) ×3 |
| 21:45 | Crear | Villager (Male) ×3 |
| 21:47 | Crear | Mangonel |
| 22:05 | Construir | House |
| 22:31 | Crear | Villager (Male) ×3 |
| 22:44 | Construir | Town Center |
| 22:46 | Crear | Mangonel |
| 22:47 | Crear | Villager (Male) ×2 |
| 22:52 | Construir | House |
| 22:54 | Construir | House |
| 22:54 | Construir | House |
| 22:55 | Construir | House |
| 23:12 | Construir | Farm |
| 23:14 | Construir | Farm |
| 23:16 | Construir | House |
| 23:20 | Construir | House |
| 23:22 | Construir | House |
| 23:31 | Construir | House |
| 23:32 | Construir | House |
Build order — el adriano
Primeras 150 de 192 acciones detectadas
| 0:01 | Crear | Villager (Male) |
| 0:02 | Crear | Villager (Male) |
| 0:02 | Crear | Villager (Male) |
| 0:02 | Crear | Villager (Male) |
| 0:03 | Construir | House |
| 0:05 | Construir | House |
| 1:23 | Crear | Villager (Male) |
| 1:23 | Crear | Villager (Male) |
| 1:47 | Construir | Lumber Camp |
| 1:52 | Crear | Villager (Male) |
| 2:09 | Crear | Villager (Male) |
| 2:39 | Crear | Villager (Male) |
| 3:05 | Crear | Villager (Male) |
| 3:29 | Crear | Villager (Male) |
| 3:59 | Construir | House |
| 4:04 | Crear | Villager (Male) |
| 4:32 | Crear | Villager (Male) |
| 4:55 | Crear | Villager (Male) |
| 5:07 | Crear | Villager (Male) |
| 5:31 | Construir | Mill |
| 5:41 | Crear | Villager (Male) |
| 5:55 | Construir | House |
| 6:06 | Crear | Villager (Male) |
| 6:21 | Construir | Farm |
| 6:24 | Construir | Farm |
| 6:36 | Crear | Villager (Male) |
| 6:50 | Crear | Villager (Male) |
| 7:07 | Investigar | Feudal Age |
| 7:15 | Crear | Villager (Male) |
| 7:17 | Investigar | Feudal Age |
| 10:01 | Crear | Villager (Male) |
| 10:02 | Crear | Villager (Male) |
| 10:06 | Edad | Edad Feudal |
| 10:09 | Construir | Market |
| 10:15 | Construir | Blacksmith |
| 10:51 | Construir | Mining Camp |
| 10:56 | Investigar | Loom |
| 11:11 | Investigar | Castle Age |
| 11:23 | Investigar | Loom |
| 11:34 | Construir | House |
| 11:36 | Construir | House |
| 11:44 | Investigar | Double-Bit Axe |
| 12:36 | Construir | Farm |
| 13:44 | Crear | Villager (Male) |
| 13:51 | Edad | Edad de los Castillos |
| 14:03 | Crear | Villager (Male) |
| 14:29 | Construir | Castle |
| 14:57 | Crear | Villager (Male) |
| 15:14 | Crear | Villager (Male) |
| 15:18 | Construir | Farm |
| 15:19 | Construir | Farm |
| 15:21 | Crear | Villager (Male) |
| 15:36 | Construir | Mining Camp |
| 15:39 | Investigar | Bow Saw |
| 15:41 | Crear | Villager (Male) |
| 16:00 | Construir | Stone Wall |
| 16:18 | Construir | Farm |
| 16:22 | Investigar | Horse Collar |
| 16:27 | Crear | Villager (Male) |
| 16:33 | Construir | Farm |
| 16:47 | Crear | Mangudai |
| 16:47 | Crear | Mangudai |
| 16:47 | Crear | Mangudai |
| 16:51 | Crear | Villager (Male) |
| 17:00 | Construir | Farm |
| 17:05 | Construir | Farm |
| 17:10 | Crear | Villager (Male) |
| 17:17 | Crear | Mangudai |
| 17:24 | Construir | Farm |
| 17:30 | Construir | Farm |
| 17:33 | Construir | Farm |
| 17:35 | Crear | Villager (Male) |
| 18:00 | Crear | Villager (Male) |
| 18:03 | Construir | Farm |
| 18:06 | Construir | Farm |
| 18:07 | Crear | Villager (Male) |
| 18:12 | Construir | Farm |
| 18:15 | Construir | Farm |
| 18:24 | Construir | Farm |
| 18:44 | Investigar | Fletching |
| 18:47 | Crear | Mangudai |
| 18:53 | Crear | Villager (Male) |
| 19:10 | Crear | Villager (Male) |
| 19:14 | Construir | Siege Workshop |
| 19:23 | Crear | Villager (Male) |
| 19:31 | Crear | Villager (Male) |
| 19:33 | Construir | Farm |
| 19:35 | Construir | Farm |
| 19:38 | Construir | Farm |
| 19:51 | Crear | Villager (Male) |
| 20:10 | Construir | House |
| 20:11 | Construir | House |
| 20:45 | Crear | Villager (Male) |
| 20:55 | Crear | Mangudai ×3 |
| 21:01 | Construir | House |
| 21:23 | Construir | House |
| 21:25 | Crear | Villager (Male) |
| 21:27 | Crear | Mangudai |
| 21:55 | Crear | Villager (Male) |
| 21:56 | Crear | Villager (Male) |
| 22:04 | Construir | Town Center |
| 22:15 | Construir | House |
| 22:15 | Construir | House |
| 22:24 | Construir | Farm |
| 22:51 | Construir | Farm |
| 22:55 | Crear | Villager (Male) |
| 22:55 | Crear | Villager (Male) |
| 22:57 | Construir | Farm |
| 23:01 | Investigar | Bodkin Arrow |
| 23:22 | Construir | Farm |
| 23:23 | Crear | Villager (Male) |
| 23:28 | Construir | House |
| 23:36 | Construir | Farm |
| 23:40 | Construir | Farm |
| 23:45 | Crear | Villager (Male) |
| 23:49 | Construir | House |
| 24:01 | Crear | Villager (Male) |
| 24:02 | Crear | Villager (Male) |
| 24:15 | Crear | Villager (Male) |
| 24:15 | Crear | Villager (Male) |
| 24:26 | Construir | House |
| 24:38 | Crear | Villager (Male) |
| 24:50 | Construir | Farm |
| 24:52 | Crear | Villager (Male) |
| 25:04 | Crear | Villager (Male) |
| 25:12 | Crear | Villager (Male) |
| 25:36 | Investigar | Imperial Age |
| 25:44 | Crear | Villager (Male) |
| 25:48 | Crear | Villager (Male) |
| 25:56 | Investigar | Gold Mining |
| 26:16 | Crear | Mangudai ×2 |
| 26:29 | Investigar | Wheelbarrow |
| 26:31 | Crear | Villager (Male) |
| 26:31 | Crear | Villager (Male) |
| 26:49 | Crear | Petard |
| 26:50 | Crear | Petard |
| 26:54 | Construir | Farm |
| 26:59 | Crear | Villager (Male) |
| 26:59 | Crear | Villager (Male) |
| 27:17 | Construir | Barracks |
| 27:33 | Crear | Mangudai ×3 |
| 28:38 | Construir | Stable |
| 28:40 | Investigar | Padded Archer Armor |
| 28:42 | Investigar | Hand Cart |
| 28:43 | Crear | Villager (Male) |
| 28:44 | Crear | Villager (Male) |
| 28:46 | Construir | Farm |
| 28:47 | Construir | Farm |
| 28:47 | Construir | Farm |
| 28:47 | Construir | Farm |
Cronología de la partida
| 10:03 | TmZ_Mosquito Engraxate · age_up feudal |
| 10:06 | el adriano · age_up feudal |
| 10:10 | Paradigma · age_up feudal |
| 10:32 | BP | Pkita · age_up feudal |
| 10:45 | ACN_Mk · age_up feudal |
| 11:04 | Paradigma · first_market_sell 100 wood |
| 11:05 | el adriano · first_market_sell 100 wood |
| 11:13 | BP | HonorioCastleDown · age_up feudal |
| 11:53 | ACN_Mk · first_building Barracks |
| 11:54 | MDT · age_up feudal |
| 12:04 | Dakar1 · age_up feudal |
| 13:44 | Paradigma · age_up castle |
| 13:51 | el adriano · age_up castle |
| 14:21 | MDT · first_building Barracks |
| 14:29 | el adriano · first_building Castle |
| 14:30 | BP | HonorioCastleDown · age_up castle |
| 14:43 | ACN_Mk · age_up castle |
| 14:53 | ACN_Mk · first_building Siege Workshop |
| 15:59 | Dakar1 · age_up castle |
| 16:00 | el adriano · wall_segment Stone Wall x1 |
| 16:14 | MDT · age_up castle |
| 16:20 | MDT · first_building Siege Workshop |
| 16:51 | Dakar1 · first_building Castle |
| 16:57 | Paradigma · wall_segment Palisade Wall x1 |
| 17:00 | Paradigma · wall_segment Palisade Wall x1 |
| 17:01 | Paradigma · wall_segment Palisade Wall x1 |
| 17:02 | TmZ_Mosquito Engraxate · age_up castle |
| 17:26 | TmZ_Mosquito Engraxate · first_market_buy 100 stone |
| 17:51 | Paradigma · wall_segment Palisade Wall x1 |
| 17:53 | Paradigma · wall_segment Palisade Wall x1 |
| 17:54 | Paradigma · wall_segment Palisade Wall x1 |
| 18:02 | BP | HonorioCastleDown · wall_segment Stone Wall x1 |
| 18:11 | Dakar1 · first_building Siege Workshop |
| 18:16 | BP | HonorioCastleDown · first_building Siege Workshop |
| 18:22 | BP | HonorioCastleDown · wall_segment Stone Wall x2 |
| 18:27 | BP | Pkita · age_up castle |
| 18:29 | BP | Pkita · first_building Barracks |
| 18:30 | BP | HonorioCastleDown · wall_segment Stone Wall x5 |
| 18:48 | BP | Pkita · first_building Monastery |
| 19:14 | el adriano · first_building Siege Workshop |
| 19:57 | ACN_Mk · first_market_buy 100 food |
| 20:03 | Dakar1 · first_market_buy 100 wood |
| 20:19 | BP | Pkita · wall_segment Stone Wall x4 |
| 21:14 | TmZ_Mosquito Engraxate · first_building Monastery |
| 21:41 | BP | HonorioCastleDown · first_building Castle |
| 22:42 | BP | HonorioCastleDown · first_market_buy 100 stone |
| 23:12 | TmZ_Mosquito Engraxate · first_building Barracks |
| 23:30 | Paradigma · first_building Castle |
| 23:31 | Dakar1 · first_market_sell 100 wood |
| 23:32 | TmZ_Mosquito Engraxate · first_market_sell 100 wood |
| 24:37 | TmZ_Mosquito Engraxate · first_building Stable |
| 25:14 | Paradigma · first_building Siege Workshop |
| 25:22 | BP | HonorioCastleDown · first_market_sell 500 stone |
| 25:26 | Paradigma · wall_segment Stone Wall x1 |
| 25:29 | Paradigma · wall_segment Stone Wall x1 |
| 25:45 | Paradigma · wall_segment Stone Wall x1 |
| 25:47 | Paradigma · wall_segment Stone Wall x1 |
| 26:09 | Paradigma · wall_segment Stone Wall x1 |
| 26:15 | Paradigma · wall_segment Stone Wall x1 |
| 26:43 | Paradigma · wall_segment Stone Wall x1 |
| 26:44 | ACN_Mk · first_building Castle |
| 26:44 | Paradigma · wall_segment Stone Wall x1 |
| 27:03 | Paradigma · wall_segment Stone Wall x1 |
| 27:11 | Paradigma · wall_segment Stone Wall x1 |
| 27:17 | el adriano · first_building Barracks |
| 27:17 | Paradigma · wall_segment Stone Wall x1 |
| 27:29 | Paradigma · wall_segment Stone Wall x1 |
| 27:50 | Paradigma · wall_segment Stone Wall x1 |
| 27:52 | Paradigma · wall_segment Stone Wall x3 |
| 27:56 | ACN_Mk · first_market_sell 100 food |
| 28:00 | TmZ_Mosquito Engraxate · first_building Castle |
| 28:22 | BP | HonorioCastleDown · age_up imperial |
| 28:38 | el adriano · first_building Stable |
| 28:40 | BP | Pkita · first_building Castle |
| 28:50 | ACN_Mk · first_building Stable |
| 29:01 | el adriano · age_up imperial |
| 29:06 | Paradigma · wall_segment Stone Wall x1 |
| 29:31 | BP | Pkita · first_building Siege Workshop |
| 30:04 | TmZ_Mosquito Engraxate · age_up imperial |
| 30:07 | MDT · first_building Monastery |
| 31:08 | Paradigma · first_building Barracks |
| 31:12 | ACN_Mk · age_up imperial |
| 31:22 | Dakar1 · wall_segment Stone Wall x1 |
| 31:42 | BP | Pkita · age_up imperial |
| 32:08 | MDT · first_market_sell 100 wood |
| 32:09 | MDT · first_market_buy 100 stone |
| 32:17 | MDT · first_building Castle |
| 32:19 | BP | Pkita · wall_segment Stone Wall x2 |
| 32:32 | Paradigma · age_up imperial |
| 32:33 | BP | Pkita · wall_segment Stone Wall x15 |
| 32:36 | Paradigma · first_building Archery Range |
| 33:07 | BP | Pkita · wall_segment Stone Wall x2 |
| 33:18 | BP | HonorioCastleDown · first_building Barracks |
| 33:44 | MDT · age_up imperial |
| 34:17 | BP | HonorioCastleDown · first_building Archery Range |
| 35:01 | el adriano · resign |
| 35:01 | BP | Pkita · wall_segment Stone Wall x5 |
| 35:03 | BP | Pkita · wall_segment Stone Wall x4 |
| 35:06 | BP | Pkita · wall_segment Stone Wall x7 |
| 35:09 | BP | Pkita · wall_segment Stone Wall x3 |
| 35:11 | BP | Pkita · wall_segment Stone Wall x4 |
| 35:12 | Dakar1 · wall_segment Stone Wall x1 |
| 35:48 | BP | Pkita · first_market_buy 100 wood |
[ ANÁLISIS IA · 1 CRÉDITO ]
¿Qué pasó realmente en esta partida?
Wolo.gg analiza cada decisión: build order, eco, micro, errores típicos por bracket. Análisis personalizado por WhatsApp o Discord en 30 segundos.
Guía civ
Birmanos
Perfil
Jugador #4502050